 Dungeon Crawl Stone Soup version 0.21-a0-41-g5e91fef (webtiles) character file.

769 sveltemanboy the Slasher (level 7, -9/52 HPs)
             Began as a Demonspawn Monk on June 4, 2017.
             Mangled by an orc warrior
             ... wielding a +2 trident of freezing
              (24 damage)
             ... on level 4 of the Dungeon.
             The game lasted 00:11:06 (5649 turns).

sveltemanboy the Slasher (Demonspawn Monk)          Turns: 5649, Time: 00:11:07

Health: -9/52      AC: 15    Str: 13    XL:     7   Next: 52%
Magic:  7/7        EV: 10    Int: 11    God:
Gold:   128        SH:  0    Dex: 16    Spells: 6/6 levels left

rFire    . . .     SeeInvis .   m - +1 whip (venom)
rCold    + . .     Gourm    .   (no shield)
rNeg     . . .     Faith    .   u - +0 chain mail
rPois    .         Spirit   .   s - +0 hat
rElec    .         Reflect  .   (no cloak)
rCorr    .         Harm     .   (no gloves)
MR       .....                  (no boots)
Stlth    ..........             (no amulet)
Regen    0.2/turn               e - +3 ring of evasion
MPRegen  0.1/turn               r - ring of protection from cold

@: sanguine armour
A: powered by pain 1, sanguine armour 1
a: no special abilities


You were on level 4 of the Dungeon.
You were not hungry.

You visited 1 branch of the dungeon, and saw 4 of its levels.

You collected 128 gold pieces.

Inventory:

Hand Weapons
 a - a +0 falchion
 m - a +1 whip of venom (weapon)
Armour
 s - a +0 hat (worn)
 u - a +0 chain mail (worn)
Jewellery
 e - a +3 ring of evasion (left hand)
 r - a ring of protection from cold (right hand)
Scrolls
 g - a scroll of enchant weapon {unknown}
 h - a scroll of remove curse
 i - 2 scrolls of random uselessness {unknown}
 l - a scroll of fear {unknown}
 n - a scroll of immolation {unknown}
 v - a scroll of identify
 w - 2 scrolls of noise {unknown}
Potions
 b - a potion of cancellation
 j - a potion of flight
 p - a potion of lignification {unknown}
 q - 2 potions of degeneration {unknown}
Comestibles
 c - 3 bread rations
 f - 2 meat rations
 k - a fruit
 t - 3 royal jellies


   Skills:
 - Level 3.0 Fighting
 * Level 7.5 Long Blades
 - Level 3.0 Armour
 - Level 2.6 Dodging
 - Level 1.7 Stealth


You had 6 spell levels left.
You didn't know any spells.

Dungeon Overview and Level Annotations

Branches:
Dungeon (4/15)
 Temple: D:4-7

Altars:
Ashenzari
Gozag
Kikubaaqudgha
Nemelex Xobeh
Ru
Sif Muna
Trog

Shops:
D:4 (

Annotations:
D:4 1 runed door


Innate Abilities, Weirdness & Mutations

You sometimes gain a little power by taking damage.
When seriously injured, your bleeding wounds create armour. (AC +6)


Message History

The orc warrior hits you but does no damage.
You hit the orc warrior but do no damage.
The orc warrior is poisoned.
The orc warrior barely misses you.
You closely miss the orc warrior.
The orc warrior drinks a potion.
The orc warrior seems to grow stronger.
The orc warrior hits you with a trident of freezing!
The orc warrior freezes you.
You hit the orc warrior but do no damage.
The orc warrior looks as sick as possible!
The orc warrior is lightly wounded.
The orc warrior hits you with a trident of freezing!!
Ouch! That really hurt!
* * * LOW HITPOINT WARNING * * *
Your blood congeals into armour.
The orc warrior freezes you.
* * * LOW HITPOINT WARNING * * *
Okay, then.
Okay, then.
You feel better.
The orc warrior hits you from afar with a trident of freezing!!
You die...

##### ....#
############# ....#
#.....#.@.o.# .(..#
#.##..#.###.# ....#
#.#.......#.# ....#
#.#####...#(o<.....
....#
#...###...####o....
)...#####..........#
....
....#...#.#.#####.##
.{. .####.#.#.#.....
.# ..
.####.#.#.#..... .#
#


You could see an orc warrior.

Vanquished Creatures
  The ghost of HAL9000 the Cutter, an amateur VSAs (D:3)
  An ogre (D:3)
  A howler monkey (D:4)
  A hound (D:4)
  A jelly (D:4)
  2 orc wizards (D:4)
  A bullfrog zombie (D:3)
  3 worker ants
  7 gnolls
  7 adders
  2 worms (D:3)
  2 dart slugs
  2 leopard geckos
  14 orcs
  11 bats
  A giant cockroach (D:1)
  23 goblins
  11 hobgoblins
  17 jackals
  6 kobolds
  2 quokkas (D:2)
  2 ball pythons
  3 frilled lizards
  A quokka skeleton (D:4)
  9 rats
131 creatures vanquished.

Notes
Turn   | Place    | Note
-------+----------+-------------------------------------------
     0 | D:1      | sveltemanboy the Demonspawn Monk began the quest for the Orb.
     0 | D:1      | Reached XP level 1. HP: 18/18 MP: 1/1
   331 | D:1      | Reached skill level 3 in Long Blades
   476 | D:1      | Reached skill level 1 in Armour
   476 | D:1      | Gained mutation: When seriously injured, your bleeding wounds create armour. (AC +6) [demonic ancestry]
   476 | D:1      | Reached XP level 2. HP: 24/24 MP: 2/2
  1194 | D:2      | Reached XP level 3. HP: 25/29 MP: 3/3
  1673 | D:2      | Found an ancient bone altar of Kikubaaqudgha.
  1733 | D:2      | Found a sacrificial altar of Ru.
  1791 | D:2      | Reached XP level 4. HP: 35/35 MP: 4/4
  1812 | D:2      | Reached skill level 4 in Long Blades
  2327 | D:2      | Found a deep blue altar of Sif Muna.
  2690 | D:3      | Found an opulent altar of Gozag.
  2842 | D:3      | Found a sparkling altar of Nemelex Xobeh.
  2843 | D:3      | Found a bloodstained altar of Trog.
  3069 | D:3      | Noticed HAL9000's ghost (amateur VSAs)
  3082 | D:3      | Killed HAL9000's ghost
  3082 | D:3      | Reached skill level 5 in Long Blades
  3082 | D:3      | Gained mutation: You sometimes gain a little power by taking damage. [demonic ancestry]
  3082 | D:3      | Reached XP level 5. HP: 22/41 MP: 5/5
  3245 | D:3      | Reached XP level 6. HP: 38/47 MP: 6/6
  3958 | D:3      | Reached skill level 6 in Long Blades
  4232 | D:4      | Noticed an orc warrior
  4422 | D:4      | Found Emeem's Antique Weapon Emporium.
  4462 | D:4      | Reached XP level 7. HP: 52/52 MP: 7/7
  4774 | D:4      | Got a faintly glowing mace
  4775 | D:4      | Identified the cursed +0 mace of Kindness {drain, rPois MR+} (You found it on level 4 of the Dungeon)
  4779 | D:4      | Found a runed door.
  4892 | D:4      | Found a shattered altar of Ashenzari.
  5239 | D:4      | Reached skill level 7 in Long Blades
  5649 | D:4      | Mangled by an orc warrior

Vault maps used:
D:1:      scummos_arrival_checkerplants
D:2:      cheibrodos_greedy_goblins, lemuel_blue_sif_altar, lemuel_doored_altar,
          nicolae_overflow_crystal_walls
D:3:      nicolae_overflow_hidden_temple, gammafunk_temple_overflow_pools,
          minmay_misc_feat_secret_circle, minmay_ogre_servants
D:4:      ashenzari_altar_1, kennysheep_mini, first_bread, serial_shops,
          shop_fountains, uniq_crazy_yiuf_cottage

Skill      XL: |  1  2  3  4  5  6  7 |
---------------+----------------------+-----
Long Blades    | 3 5 6 7 |  7.5
Armour         | 1 3 |  3.0
Fighting       | |  3.0
Dodging        | |  2.6
Stealth        | |  1.7

Action                   |  1- 3 |  4- 6 |  7- 9 || total
-------------------------+-------+-------+-------++-------
Melee: Falchion          |   122 |   283 |    23 ||   428
       Whip              |       |       |    66 ||    66
       Mace              |       |       |    20 ||    20
  Use: Scroll            |       |     5 |     2 ||     7
       Potion            |       |     2 |     2 ||     4
 Stab: Sleeping          |     1 |     2 |       ||     3
  Eat: Chunk             |     3 |     9 |     4 ||    16
Armor: Robe              |    26 |     8 |       ||    34
       Leather armour    |       |     2 |       ||     2
       Chain mail        |       |    98 |    64 ||   162
Dodge: Dodged            |   124 |   187 |    74 ||   385
       Rpst.: Falchion   |    37 |    62 |     5 ||   104
